 Dungeon Crawl Stone Soup version 0.29-a0-350-g7790a0e70a (webtiles) character file.

Game seed: 12913048198061536660

129 spaghetti the Poker (level 5, -1/45 (47) HPs)
             Began as a Gnoll Berserker on Apr 23, 2022.
             Was a Believer of Trog.
             Slain by a wight
             ... wielding a +0 morningstar
              (6 damage)
             ... on level 4 of the Dungeon.
             The game lasted 00:04:21 (3129 turns).

spaghetti the Poker (Gnoll Berserker)               Turns: 3129, Time: 00:04:22

HP:   -1/45 (47)    AC:  3    Str: 18    XL:     5   Next: 12%
MP:   7/7           EV: 17    Int:  7    God:    Trog [**....]
Gold: 90            SH:  0    Dex: 11    Spells: 6/6 levels left

rFire   . . .      SeeInvis .   a - +0 spear {polearm}
rCold   . . .      Faith    .   (no shield)
rNeg    . . .      Spirit   .   b - +0 animal skin
rPois   .          Reflect  .   l - +1 hat
rElec   .          Harm     .   (no cloak)
rCorr   .          Rampage  .   (no gloves)
Will    ++...                   (no boots)
Stlth   ++........              n - amulet of the acrobat
HPRegen 1.15/turn               f - +4 ring of evasion
MPRegen 0.10/turn               (no ring)

@: strong-willed (expiring), on berserk cooldown, regenerating (expiring),
slowed, lightly drained, very slow
A: fangs 1, strong nose, distributed training
a: Renounce Religion, Berserk, Trog's Hand


You were on level 4 of the Dungeon.
You worshipped Trog.
Trog was pleased with you.
You visited 1 branch of the dungeon, and saw 4 of its levels.

You collected 90 gold pieces.


Innate Abilities, Weirdness & Mutations

You have very sharp teeth.
Your uncanny sense of smell can sniff out nearby items.
Your experience applies equally to all skills.


   Skills:
 + Level 6.6 Fighting
 + Level 1.3 Short Blades
 + Level 1.3 Long Blades
 + Level 1.3 Axes
 + Level 1.3 Maces & Flails
 + Level 6.6 Polearms
 + Level 1.3 Staves
 + Level 1.3 Slings
 + Level 1.3 Bows
 + Level 1.3 Crossbows
 + Level 1.3 Throwing
 + Level 4.7 Armour
 + Level 4.7 Dodging
 + Level 1.3 Stealth
 + Level 1.3 Shields
 + Level 1.3 Unarmed Combat
 + Level 1.3 Spellcasting
 + Level 1.1 Conjurations
 + Level 1.1 Hexes
 + Level 1.1 Summonings
 + Level 1.1 Necromancy
 + Level 1.1 Translocations
 + Level 1.1 Transmutations
 + Level 1.1 Fire Magic
 + Level 1.1 Ice Magic
 + Level 1.1 Air Magic
 + Level 1.1 Earth Magic
 + Level 1.1 Poison Magic
 + Level 1.5 Invocations
 + Level 1.3 Evocations


You had 6 spell levels left.
You didn't know any spells.
Your spell library contained the following spells:

 Spells                   Type           Power      Damage    Failure   Level
 Stone Arrow              Conj/Erth      4%         3d7       61%         3
 Animate Armour           Summ/Erth      4%         N/A       95%         4
 Lehudib's Crystal Spear  Conj/Erth      1%         10d2      100%        8

Inventory:

Hand Weapons
 a - a +0 spear (weapon) {polearm}
 d - a +2 dagger of draining {short}
   (You found it on level 1 of the Dungeon)
 o - a +1 short sword of flaming {short}
   (You took it off a kobold on level 4 of the Dungeon)
Missiles
 c - 11 poisoned darts {throwing}
 j - 101 stones (quivered) {throwing}
Armour
 b - a +0 animal skin (worn)
 l - a +1 hat (worn)
   (You found it on level 3 of the Dungeon)
Jewellery
 f - a +4 ring of evasion (left hand)
   (You found it on level 1 of the Dungeon)
 n - an amulet of the acrobat (around neck)
   (You found it on level 3 of the Dungeon)
Scrolls
 g - 4 scrolls of identify {@r1}
 h - 2 scrolls of fear

Dungeon Overview and Level Annotations

Branches:
Dungeon (4/15)
 Temple: D:4-7

Altars:

Annotations:
D:3 3 runed translucent doors, Healsalot's ghost, amateur MiBe; SirDiesAlot's ghost, amateur DsBr; spaghetti's ghost, amateur DsAK

#.....#
#...#
#.....#
#...#
#.#.#.#
#....
#.#.#.# ....
#.#.#.#
#.#.#.#
#.#.... #.#
.# #@# .#
#z# .# #
#h###'##....
#zz.z....#
#.z.........
#...........
#.###.......
#.. ####...
### ..


You could see a howler monkey (inner flame) and 4 wights.


Message History

A wight comes into view. It is wielding a +4 falchion.
The howler monkey hits you. 😕 HP[-6]
You take 6 damage, and now have 41/47 hp.
You are too injured to fight recklessly!
You are too injured to fight recklessly!
You are too injured to fight recklessly!
You are too injured to fight recklessly!
You are too injured to fight recklessly!
You are too injured to fight recklessly!
You are too injured to fight recklessly!
You are too injured to fight recklessly!
You are too injured to fight recklessly!
You are too injured to fight recklessly!
You are too injured to fight recklessly!
You are too injured to fight recklessly!
You are too injured to fight recklessly!
You are too injured to fight recklessly!
You are too injured to fight recklessly!
You are too injured to fight recklessly!
Unknown command.
You puncture the howler monkey! The howler monkey hits you!
A wight comes into view.
It is wielding a +4 long sword. 😮 HP[-7]
You take 7 damage, and now have 34/47 hp.
You closely miss the howler monkey. The howler monkey misses you.
The wight barely misses you.
As you read the scroll labelled TOFYBE WENT, it crumbles to dust.
It is a scroll of identify.
h - 2 scrolls of fear The howler monkey hits you.
The wight closely misses you. 😮 HP[-1]
You take 1 damage, and now have 33/47 hp.
This is a scroll of acquirement!
Something appears at your feet!
The howler monkey hoots and howls with incredible vigour!
A wight opens the door.
The wight hits you from afar with a +2 halberd!
* * * LOW HITPOINT WARNING * * *
You hear a shout! 😨 HP[-13]
You take 13 damage, and now have 20/47 hp.
MASSIVE DAMAGE!! (PAUSE)
Okay, then.
You aren't carrying any potions.
Unknown command.
Your skin crawls.
You feel strong-willed. The howler monkey closely misses you.
The wight completely misses you.
The wight hits you with a +0 morningstar.
* * * LOW HITPOINT WARNING * * *
You feel drained.
* * * LOW HITPOINT WARNING * * *
😨 HP[-8]
You now have 45 max hp (-2).
You take 8 damage, and now have 12/45 hp.
Unknown command.
Okay, then.
A red film seems to cover your vision as you go berserk!
You feel yourself moving faster!
You feel mighty! The howler monkey barely misses you.
The howler monkey hoots and howls with incredible vigour!
The wight completely misses you. The wight misses you. 😨 HP[+8]
You now have 67 max hp (+22).
You regained 8 hp, and now have 20/67 hp.
You feel a strong urge to attack something. 😨 HP[+1]
You feel your anger nearly subside. 😨 HP[+1]
You are no longer berserk.
You are exhausted.
You feel yourself slow down.
The howler monkey hoots and howls with incredible vigour! 😨 HP[-6]
You now have 45 max hp (-22).
You feel the effects of Trog's Hand fading.
The howler monkey hoots and howls with incredible vigour! 😨 HP[+1]
You aren't carrying any potions.
As you read the scroll labelled PIXZAT AFA, it crumbles to dust.
It is a scroll of amnesia.
You feel forgetful for a moment. The wight barely misses you. 😨 HP[+2]
You regained 2 hp, and now have 19/45 hp.
As you read the scroll labelled VURROM PEATHE, it crumbles to dust.
The creatures around you are filled with an inner flame!
It was a scroll of immolation.
The wight misses you.
The wight hits you with a +0 morningstar!
* * * LOW HITPOINT WARNING * * *
😱 HP[-15]
You take 15 damage, and now have 4/45 hp.
MASSIVE DAMAGE!! (PAUSE)
Okay, then.
You aren't carrying any potions.
As you read the scroll labelled KAVIRU ZYDEGOWN, it crumbles to dust.
You hear a loud clanging noise!
It was a scroll of noise.
The wight hits you with a +0 morningstar.
You die...

Skill      XL: |  1  2  3  4 |
---------------+-------------+-----
Invocations    | 1 |  1.5
Short Blades   | 1 |  1.3
Long Blades    | 1 |  1.3
Axes           | 1 |  1.3
Maces & Flails | 1 |  1.3
Staves         | 1 |  1.3
Slings         | 1 |  1.3
Bows           | 1 |  1.3
Crossbows      | 1 |  1.3
Throwing       | 1 |  1.3
Stealth        | 1 |  1.3
Shields        | 1 |  1.3
Unarmed Combat | 1 |  1.3
Spellcasting   | 1 |  1.3
Evocations     | 1 |  1.3
Conjurations   | 1 |  1.1
Hexes          | 1 |  1.1
Summonings     | 1 |  1.1
Necromancy     | 1 |  1.1
Translocations | 1 |  1.1
Transmutations | 1 |  1.1
Fire Magic     | 1 |  1.1
Ice Magic      | 1 |  1.1
Air Magic      | 1 |  1.1
Earth Magic    | 1 |  1.1
Poison Magic   | 1 |  1.1
Fighting       | |  6.6
Polearms       | |  6.6
Armour         | |  4.7
Dodging        | |  4.7

Action                   |  1- 3 |  4- 6 || total
-------------------------+-------+-------++-------
Melee: Spear             |   106 |    87 ||   193
       Bite              |    11 |     7 ||    18
       Punch             |     2 |     2 ||     4
Throw: Stone             |       |    52 ||    52
Invok: Berserk           |       |     2 ||     2
       Trog's Hand       |       |     1 ||     1
  Use: Potion            |       |     1 ||     1
       Scroll            |       |     5 ||     5
 Stab: Distracted        |     1 |       ||     1
       Sleeping          |       |     2 ||     2
Armor: Animal skin       |    10 |     8 ||    18
Dodge: Dodged            |    73 |    54 ||   127

Levels and vault maps discovered:
D:1:      lightli_arrival_statuegarden, layout_basic,
          shapermc_ecumenical_altar_mp_vishouse
D:2:      layout_basic, minmay_tripent
D:3:      layout_basic, gammafunk_ghost_cemetery
D:4:      layout_basic, yredelemnul_altar_generic, serial_shops,
          nicolae_shop_trees, uniq_edmund

Notes
Turn   | Place    | Note
-------+----------+-------------------------------------------
     0 | D:1      | spaghetti the Gnoll Berserker began the quest for the Orb.
     0 | D:1      | Reached XP level 1. HP: 23/23 MP: 1/1
     0 | D:1      | magus.rc [v1.9.6]
   163 | D:1      | Reached XP level 2. HP: 24/29 MP: 2/2
   473 | D:1      | Reached XP level 3. HP: 35/35 MP: 3/3
   771 | D:1      | Found a faded altar of an unknown god.
   924 | D:2      | Reached skill level 1 in Invocations
   941 | D:2      | Reached ** piety under Trog
   998 | D:2      | Reached skill level 1 in Short Blades
   998 | D:2      | Reached skill level 1 in Long Blades
   998 | D:2      | Reached skill level 1 in Axes
   998 | D:2      | Reached skill level 1 in Maces & Flails
   998 | D:2      | Reached skill level 1 in Staves
   998 | D:2      | Reached skill level 1 in Slings
   998 | D:2      | Reached skill level 1 in Bows
   998 | D:2      | Reached skill level 1 in Crossbows
   998 | D:2      | Reached skill level 1 in Throwing
   998 | D:2      | Reached skill level 1 in Stealth
   998 | D:2      | Reached skill level 1 in Shields
   998 | D:2      | Reached skill level 1 in Unarmed Combat
   998 | D:2      | Reached skill level 1 in Spellcasting
   998 | D:2      | Reached skill level 1 in Evocations
  1155 | D:2      | Reached XP level 4. HP: 39/41 MP: 5/5
  1700 | D:2      | Reached skill level 1 in Conjurations
  1700 | D:2      | Reached skill level 1 in Hexes
  1700 | D:2      | Reached skill level 1 in Summonings
  1700 | D:2      | Reached skill level 1 in Necromancy
  1700 | D:2      | Reached skill level 1 in Translocations
  1700 | D:2      | Reached skill level 1 in Transmutations
  1700 | D:2      | Reached skill level 1 in Fire Magic
  1700 | D:2      | Reached skill level 1 in Ice Magic
  1700 | D:2      | Reached skill level 1 in Air Magic
  1700 | D:2      | Reached skill level 1 in Earth Magic
  1700 | D:2      | Reached skill level 1 in Poison Magic
  1708 | D:2      | You pick up a book of Armaments {forbidden} and begin
                  | reading...
  1708 | D:2      | You add the spells Stone Arrow, Animate Armour and
                  | Lehudib's Crystal Spear to your library.
  2449 | D:3      | Found a runed translucent gate.
  2449 | D:3      | Found a runed translucent gate.
  2449 | D:3      | Found a runed translucent gate.
  2450 | D:3      | Noticed spaghetti's ghost (amateur DsAK)
  2451 | D:3      | Noticed SirDiesAlot's ghost (amateur DsBr)
  2451 | D:3      | Noticed Healsalot's ghost (amateur MiBe)
  2664 | D:3      | Reached XP level 5. HP: 30/47 MP: 6/6
  3119 | D:4      | Identified a scroll of acquirement
  3119 | D:4      | Acquired the +1 helmet "Laidukil" {+Blink rF+ Str+4 Int+4}
  3128 | D:4      | HP: 4/45 [wight/+0 morningstar (17)]
  3129 | D:4      | Slain by a wight

Vanquished Creatures
  6 adders
  2 worms
  3 dart slugs
  2 orcs (D:3)
  6 bats
  5 endoplasms
  6 goblins
  6 hobgoblins
  4 jackals (D:2)
  5 kobolds
  2 quokkas
  4 ball pythons
  4 frilled lizards
  5 rats
60 creatures vanquished.

Table legend:
 A = Non-vault XP
 B = Vault XP
 C = Vault XP percentage of total XP
 D = Non-vault monster count
 E = Vault monster count
 F = Vault count percentage of total count
                 A         B        C        D         E       F
            +---------+---------+-------+---------+---------+-------
      Total |     183 |       2 |   1.1 |      58 |       2 |   3.3
            +---------+---------+-------+---------+---------+-------
        D:1 |      41 |       0 |   0.0 |      23 |       0 |   0.0
        D:2 |      83 |       2 |   2.4 |      18 |       2 |  10.0
        D:3 |      57 |       0 |   0.0 |      16 |       0 |   0.0
        D:4 |       2 |       0 |   0.0 |       1 |       0 |   0.0
            +---------+---------+-------+---------+---------+-------

Illustrated notes

Table legend:
 A = Kills in this place as a percentage of kills in entire the game.
 B = Kills by you in this place as a percentage of kills by you in the entire game.
 C = Kills by friends in this place as a percentage of kills by friends in the entire game.
 D = Other kills in this place as a percentage of other kills in the entire game.
 E = Experience gained in this place as a percentage of experience gained in the entire game.
 F = Experience gained in this place divided by the number of levels of this place that you have seen.
                   A       B       C       D       E      F
               +-------+-------+-------+-------+-------+----------------------
         Total | 100.0 | 100.0 |   N/A |   N/A | 100.0 |  46.2
       Dungeon | 100.0 | 100.0 |   N/A |   N/A | 100.0 |  46.2
               +-------+-------+-------+-------+-------+----------------------

Table legend: (Time is in decaauts)
 A = Elapsed time spent in this place.
 B = Non-inter-level travel time spent in this place.
 C = Inter-level travel time spent in this place.
 D = Time resting spent in this place.
 E = Time spent auto-exploring this place.
 F = Levels seen in this place.
 G = Mean time per level.
                   A        B        C        D        E       F      G
               +--------+--------+--------+--------+--------+-----+--------+
         Total |   3082 |   2983 |     99 |    182 |   2363 |   4 |  770.5 |
       Dungeon |   3082 |   2983 |     99 |    182 |   2363 |   4 |  770.5 |
               +--------+--------+--------+--------+--------+-----+--------+

Top non-repeatable levels by time:
     D:2: 1196 daAuts
     D:3: 944 daAuts
     D:1: 880 daAuts
     D:4: 61 daAuts
